AoeStats
← die trying

Arabia

508711710Analyzed
1v1 RM · 7d ago on Sep 23, 2026· 35m 52s· 2 players
Game mode
Random Map
Map size
Tiny (2 player)
Population
200
Speed
Normal
Resources
Standard
Victory
Conquest
Starting age
Dark Age
Ending age
Imperial Age
RankedLock teamsTeams togetherTeam positionsShared explorationLock speedFull tech treeHidden civsTurbo modeCheats
Victory
Defeat
🇨🇱 Mongols · Chile
1917
+15
🇹🇷 Varangians · Türkiye
1901
-15
Maverick_Taha
7:12 Loom
9:25 Feudal Age
12:43 Double-Bit Axe
16:47 Fletching
23:39 Castle Age
21:57 Gold Mining
23:40 Padded Archer Armor
24:28 Bodkin Arrow
24:27 Elite Skirmisher
28:41 Bow Saw
die trying
5:51 Loom
8:30 Feudal Age
8:31 Man-at-Arms
10:05 Town Watch
11:39 Horse Collar
11:51 Double-Bit Axe
14:38 Fletching
15:13 Horse Collar
22:16 Castle Age
21:16 Gold Mining
21:45 Padded Archer Armor
21:55 Bloodlines
22:53 Bodkin Arrow
25:06 Ballistics
25:16 Husbandry
26:41 Town Watch
27:36 Wheelbarrow
28:27 Leather Archer Armor
29:53 Crossbowman
33:12 Town Watch
Connection lost

Rejoining the realm…

Still unreachable

The connection could not be restored.

Session expired

The server has moved on; the page needs a fresh start.